 Dungeon Crawl Stone Soup version 0.21.1-1-g345015f (webtiles) character file.

1715 sking99 the Grappler (level 8, -6/74 HPs)
             Began as a Troll Monk on June 28, 2018.
             Mangled by an orc
             ... wielding a +0 flail
              (7 damage)
             ... on level 4 of the Dungeon.
             The game lasted 00:07:39 (2654 turns).

sking99 the Grappler (Troll Monk)                   Turns: 2654, Time: 00:07:42

Health: -6/74      AC:  5    Str: 26    XL:     8   Next: 74%
Magic:  7/7        EV: 10    Int:  6    God:
Gold:   222        SH:  0    Dex: 13    Spells: 7/7 levels left

rFire    . . .     SeeInvis .     - Unarmed
rCold    . . .     Gourm    +   (no shield)
rNeg     . . .     Faith    .   a - +0 robe
rPois    .         Spirit   .   (helmet restricted)
rElec    .         Reflect  .   (no cloak)
rCorr    .         Harm     .   (gloves unavailable)
MR       .....                  (boots unavailable)
Stlth    ++........             (no amulet)
HPRegen  0.62/turn              (no ring)
MPRegen  0.10/turn              (no ring)

@: mighty
A: large, unfitting armour, claws 3, fast metabolism 3, gourmand, regeneration
1, shaggy fur 1, tough skin 2
a: no special abilities


You were on level 4 of the Dungeon.
You were completely stuffed.

You visited 1 branch of the dungeon, and saw 4 of its levels.

You collected 222 gold pieces.

Inventory:

Armour
 a - a +0 robe (worn)
 v - a +0 shield
Jewellery
 g - an uncursed amulet of faith {unknown}
 i - an uncursed amulet of magic regeneration {unknown}
 u - an uncursed amulet of harm {unknown}
Wands
 t - a wand of scattershot (6)
Scrolls
 c - 4 scrolls of teleportation {unknown}
 d - 7 scrolls of remove curse {unknown}
 e - 8 scrolls of identify {unknown}
 h - 2 scrolls of enchant armour {unknown}
 o - a scroll of immolation {unknown}
 p - a scroll of fog {unknown}
 q - 3 scrolls of magic mapping {unknown}
Potions
 f - a potion of might
 j - 2 potions of haste
 k - a potion of brilliance {unknown}
 l - 2 potions of lignification {unknown}
 m - 4 potions of heal wounds {unknown}
 n - a potion of agility {unknown}
 r - a potion of berserk rage {unknown}
 s - 3 potions of flight {unknown}
Comestibles
 b - 4 rations


   Skills:
 - Level 2.4 Fighting
 - Level 2.4 Dodging
 - Level 1.0 Stealth
 + Level 11.4 Unarmed Combat


You had 7 spell levels left.
You didn't know any spells.

Dungeon Overview and Level Annotations

Branches:
Dungeon (4/15)
 Temple: D:4-7

Altars:
Wu Jian
Yredelemnul


Innate Abilities, Weirdness & Mutations

You are too large for most types of armour.
You have claws for hands.
Your metabolism is lightning-fast.
You like to eat raw meat.
Your natural rate of healing is unusually fast.
You are covered in fur. (AC +1)
You have very tough skin. (AC +2)


Message History

The orc hits you but does no damage. The orc barely misses you. x2
It was a potion of might.
You feel very mighty all of a sudden. The orc wizard hits you with a dagger.
* * * LOW HITPOINT WARNING * * *
The orc wizard closely misses you. The orc barely misses you.
The orc hits you with a flail.
* * * LOW HITPOINT WARNING * * *
The orc hits you but does no damage.
You completely miss the orc wizard.
The orc wizard is severely wounded.
The orc wizard hits you but does no damage.
You mangle the orc wizard!!
You kill the orc wizard!
The orc hits you with a short sword.
* * * LOW HITPOINT WARNING * * *
The orc hits you with a dagger.
* * * LOW HITPOINT WARNING * * *
The orc hits you with a flail!
You die...

#.##. #.### #....
####################[..P
.(..[...................
#...... #....#####.....
#......###....#####....P
#......oo)..............
'......@o.....$.........
#.....)###....######....
#......#......... #....
#......#.......... ##...
####'###........... #..#
#. #........... ##.# #
###....##### #.# #.# ..
######


You could see 3 orcs.

Vanquished Creatures
  Pikel (D:3)
  Grinder (D:3)
  Sigmund (D:2)
  Eustachio (D:4)
  An orc warrior (D:2)
  An ogre (D:3)
  A phantom (D:4)
  Blork the orc (D:3)
  2 centaur skeletons (D:4)
  An orc priest (D:2)
  2 hounds (D:4)
  2 orc wizards (D:4)
  Ijyb (D:3)
  Natasha (thrice) (D:2 D:3)
  Robin (D:3)
  9 adders
  2 dart slugs (D:1)
  5 orcs
  8 bats
  5 giant cockroaches
  10 hobgoblins
  3 jackals (D:4)
  14 kobolds
  A quokka (D:2)
  2 ball pythons
  5 frilled lizards
  9 goblins
  6 rats
99 creatures vanquished.

Vanquished Creatures (others)
  4 toadstools (D:1)
4 creatures vanquished.

Grand Total: 103 creatures vanquished

Notes
Turn   | Place    | Note
-------+----------+-------------------------------------------
     0 | D:1      | sking99 the Troll Monk began the quest for the Orb.
     0 | D:1      | Reached XP level 1. HP: 22/22 MP: 0/0
   105 | D:1      | Reached XP level 2. HP: 27/29 MP: 1/1
   152 | D:1      | Reached skill level 4 in Unarmed Combat
   360 | D:1      | Reached XP level 3. HP: 35/36 MP: 2/2
   523 | D:2      | Noticed an orc warrior
   538 | D:2      | Killed an orc warrior
   538 | D:2      | Reached skill level 5 in Unarmed Combat
   538 | D:2      | Reached XP level 4. HP: 11/44 MP: 3/3
   647 | D:2      | Reached skill level 6 in Unarmed Combat
   647 | D:2      | Reached XP level 5. HP: 45/50 MP: 4/4
   680 | D:2      | Noticed Sigmund
   697 | D:2      | Killed Sigmund
   697 | D:2      | Reached skill level 7 in Unarmed Combat
   697 | D:2      | Reached XP level 6. HP: 59/59 MP: 5/5
   844 | D:2      | Noticed Natasha
   849 | D:2      | Killed Natasha
   887 | D:2      | Noticed Natasha
   905 | D:2      | Killed Natasha
  1325 | D:3      | Noticed Grinder
  1326 | D:3      | Paralysed by Grinder for 6 turns
  1339 | D:3      | Killed Grinder
  1339 | D:3      | Reached skill level 8 in Unarmed Combat
  1339 | D:3      | Reached XP level 7. HP: 53/66 MP: 6/6
  1372 | D:3      | Found an ornate altar of the Wu Jian Council.
  1373 | D:3      | Found a basalt altar of Yredelemnul.
  1775 | D:3      | Noticed Robin
  1785 | D:3      | Killed Robin
  1799 | D:3      | Noticed Ijyb
  1804 | D:3      | Killed Ijyb
  1804 | D:3      | Reached skill level 9 in Unarmed Combat
  2303 | D:4      | Noticed Blork the orc
  2304 | D:4      | Noticed Pikel
  2304 | D:4      | Noticed Natasha
  2342 | D:3      | Killed Pikel
  2342 | D:3      | Reached skill level 10 in Unarmed Combat
  2342 | D:3      | Reached XP level 8. HP: 29/74 MP: 7/7
  2445 | D:3      | Killed Blork the orc
  2455 | D:3      | Killed Natasha
  2534 | D:4      | Reached skill level 11 in Unarmed Combat
  2569 | D:4      | Noticed Eustachio
  2575 | D:4      | Killed Eustachio
  2654 | D:4      | HP: 3/74 [orc/short sword (5)]
  2654 | D:4      | HP: 1/74 [orc/dagger (2)]
  2654 | D:4      | Mangled by an orc

Skill      XL: |  1  2  3  4  5  6  7  8 |
---------------+-------------------------+-----
Unarmed Combat | 4 5 6 7 8 10 11 | 11.4
Fighting       | |  2.4
Dodging        | |  2.4
Stealth        | |  1.0

Action                   |  1- 3 |  4- 6 |  7- 9 || total
-------------------------+-------+-------+-------++-------
Melee: Unarmed           |    68 |    88 |   123 ||   279
       Punch             |     2 |     2 |     8 ||    12
  Use: Potion            |       |       |     2 ||     2
 Stab: Sleeping          |     1 |     3 |       ||     4
  Eat: Chunk             |    10 |     6 |    14 ||    30
Armor: Robe              |    21 |    32 |    37 ||    90
Dodge: Dodged            |    37 |    41 |    67 ||   145
